 Dungeon Crawl Stone Soup version 0.29-a0-973-gac7da5f7f0 (webtiles) character file.

Game seed: 9077677003662660926

100 jlumianski the Trooper (level 4, -3/35 HPs)
             Began as a Demonspawn Fighter on July 31, 2022.
             Killed by divine providence
             ... invoked by an orc priest
              (7 damage)
             ... on level 3 of the Dungeon.
             The game lasted 00:05:03 (710 turns).

jlumianski the Trooper (Demonspawn Fighter)          Turns: 710, Time: 00:05:04

Health: -3/35      AC: 13    Str: 18    XL:     4   Next: 47%
Magic:  4/4        EV:  7    Int: 10    God:
Gold:   136        SH:  4    Dex: 12    Spells: 3/3 levels left

rFire   + . .      SeeInvis .   a - +0 war axe
rCold   . . .      Faith    .   c - +0 buckler
rNeg    . . .      Spirit   .   k - +4 chain mail {rF+}
rPois   .          Reflect  .   (no helmet)
rElec   .          Harm     .   (no cloak)
rCorr   .          Rampage  .   (no gloves)
Will    .....                   (no boots)
Stlth   ..........              (no amulet)
HPRegen 0.11/turn               q - ring of flight
MPRegen 0.18/turn               (no ring)

@: flying
A: magic regeneration, demonic touch 1
a: no special abilities


You were on level 3 of the Dungeon.
You visited 1 branch of the dungeon, and saw 4 of its levels.

You collected 136 gold pieces.

Inventory:

Hand Weapons
 a - a +0 war axe (weapon)
Missiles
 e - 20 stones (quivered)
Armour
 b - a +0 scale mail
 c - a +0 buckler (worn)
 k - a +4 chain mail of fire resistance (worn)
Jewellery
 q - a ring of flight (left hand)
Scrolls
 g - a scroll of teleportation {unknown}
 h - 2 scrolls of blinking {unknown}
 n - 2 scrolls of identify {unknown}
 o - a scroll of enchant weapon {unknown}
Potions
 d - a potion of might
 f - a potion of heal wounds
 i - a potion of cancellation {unknown}
 j - 2 potions of curing {unknown}
 l - a potion of resistance {unknown}
 m - 2 potions of degeneration {unknown}
 p - a potion of brilliance {unknown}


   Skills:
 + Level 3.4 Fighting
 + Level 2.7 Axes
 + Level 3.4 Armour
 + Level 0.4 Dodging
 + Level 3.3 Shields


You had 3 spell levels left.
You didn't know any spells.
Your spell library contained the following spells:

 Spells                   Type           Power      Damage    Failure   Level
 Ensorcelled Hibernation  Hex/Ice        0%         N/A       100%        2
 Passwall                 Tmut/Erth      0%         N/A       100%        2
 Swiftness                Air            0%         N/A       100%        3


Dungeon Overview and Level Annotations

Branches:
Dungeon (4/15)
 Temple: D:4-7

Altars:
Sif Muna
Vehumet


Innate Abilities, Weirdness & Mutations

You regenerate magic rapidly.
Your touch may inflict minor irresistible damage on your foes.


Message History

a +0 club; a hobgoblin corpse; a rat corpse The orc priest attacks as you move away!
The orc priest hits you but does no damage.
The orc priest attacks as you move away!
The orc priest hits you but does no damage.
Jessica casts a spell.
Jessica blinks!
Jessica mumbles some strange words.
Jessica blinks!
The adder attacks as you move away!
The adder bites you but does no damage. x2
The orc priest miscasts a cantrip.
The adder attacks as you move away! The adder bites you but does no damage.
The adder attacks as you move away! The adder bites you but does no damage.
The orc priest mumbles some strange prayers to Beogh against you.
Beogh smites you! The adder bites you but does no damage.
The adder attacks as you move away! The adder bites you but does no damage.
The orc priest begins to cast a cantrip, but forgets the words!
The adder attacks as you move away! The adder barely misses you.
Jessica gestures wildly while chanting.
Jessica blinks!
Jessica hits you but does no damage. Jessica attacks as you move away!
Jessica hits you with a +0 dagger.
You slash Jessica!
You kill Jessica!
The adder bites you.
You are poisoned.
The adder poisons you!
You closely miss the adder.
You feel very sick. The adder closely misses you.
The adder bites you but does no damage.
You barely miss the adder.
You feel sick.
The adder bites you but does no damage. x2
You closely miss the adder.
You feel sick. The adder closely misses you. You block the adder's attack.
You barely miss the adder.
You feel sick. You block the adder's attack.
You miss the adder.
You feel sick.
You are no longer poisoned.
The adder bites you but does no damage. The adder barely misses you.
The orc priest calls down the wrath of Beogh upon you.
Beogh smites you!
You die...

......................
.#############.#......
.# #o###.### ## #.# #
#ยง# #.# #.#
#.#######.#
#oS@......#
###########


You could see an orc priest and an adder.

Vanquished Creatures
  A hound (D:4)
  Jessica (D:3)
  2 worms
  2 dart slugs
  2 orcs (D:3)
  A ball python (D:1)
  A bat (D:1)
  2 endoplasms
  2 giant cockroaches
  3 goblins
  4 hobgoblins
  A quokka (D:2)
  3 frilled lizards (D:1)
  3 kobolds (D:1)
  A rat (D:3)
29 creatures vanquished.

Vanquished Creatures (others)
  An orc wizard (D:3)
  4 fungi (D:1)
  4 toadstools (D:1)
9 creatures vanquished.

Grand Total: 38 creatures vanquished

Notes
Turn   | Place    | Note
-------+----------+-------------------------------------------
     0 | D:1      | jlumianski the Demonspawn Fighter began the quest for the
                  | Orb.
     0 | D:1      | Reached XP level 1. HP: 18/18 MP: 1/1
    18 | D:1      | Found a faded altar of an unknown god.
    93 | D:2      | Gained mutation: You regenerate magic rapidly. [demonic
                  | ancestry]
    93 | D:2      | Reached XP level 2. HP: 21/24 MP: 2/2
   503 | D:4      | Found a shimmering blue altar of Sif Muna.
   510 | D:4      | Found a radiant altar of Vehumet.
   521 | D:4      | Noticed a scorpion
   523 | D:4      | Gained mutation: Your touch may inflict minor irresistible
                  | damage on your foes. [demonic ancestry]
   523 | D:4      | Reached XP level 3. HP: 25/29 MP: 3/3
   673 | D:3      | Noticed Jessica
   687 | D:3      | Reached XP level 4. HP: 31/35 MP: 4/4
   705 | D:3      | Killed Jessica
   710 | D:3      | Killed from afar by an orc priest

Illustrated notes

Levels and vault maps discovered:
D:1:      erik_arrival_orb_chamber, layout_rooms,
          ebering_ecumenical_altar_ruins, minmay_gold_behind_fungi,
          minmay_misc_feat_tower
D:2:      layout_basic, st_stairs_11, hex_medium, minivault_14,
          minmay_heptomino_l4
D:3:      layout_basic, serial_shops, shop, uniq_jessica
D:4:      layout_loops_ring, mainiacjoe_overflow_catwalk_spiral, minivault_23

Skill      XL: |  1  2 |
---------------+-------+-----
Shields        | 3 |  3.3
Axes           | 2 |  2.7
Armour         | 3 |  3.4
Fighting       | |  3.4
Dodging        | |  0.4

Action                   |  1- 3 |  4- 6 || total
-------------------------+-------+-------++-------
Melee: War axe           |    76 |    10 ||    86
  Use: Potion            |     1 |       ||     1
Armor: Scale mail        |    18 |       ||    18
       Chain mail        |    27 |    21 ||    48
Dodge: Dodged            |    28 |     5 ||    33
Block: Buckler           |    17 |     2 ||    19

Table legend: (Time is in decaauts)
 A = Elapsed time spent in this place.
 B = Non-inter-level travel time spent in this place.
 C = Inter-level travel time spent in this place.
 D = Time resting spent in this place.
 E = Time spent auto-exploring this place.
 F = Levels seen in this place.
 G = Mean time per level.
                   A        B        C        D        E       F      G
               +--------+--------+--------+--------+--------+-----+--------+
         Total |    747 |    747 |      0 |      0 |    105 |   4 |  186.8 |
       Dungeon |    747 |    747 |      0 |      0 |    105 |   4 |  186.8 |
               +--------+--------+--------+--------+--------+-----+--------+

Top non-repeatable levels by time:
     D:1: 382 daAuts
     D:3: 202 daAuts
     D:4: 106 daAuts
     D:2: 55 daAuts
